 Dungeon Crawl Stone Soup version 0.21.1-1-g345015fe64 (webtiles) character file.

284 Kohma the Ruffian (level 6, 0/91 HPs)
             Began as a Troll Fighter on June 22, 2018.
             Slain by a mummy (16 damage)
             ... in an ossuary.
             The game lasted 00:07:30 (1644 turns).

Kohma the Ruffian (Troll Fighter)                   Turns: 1644, Time: 00:07:31

Health: 0/91       AC:  5    Str: 31    XL:     6   Next: 7%
Magic:  5/5        EV:  8    Int:  4    God:
Gold:   117        SH: 10    Dex: 10    Spells: 5/5 levels left

rFire    . . .     SeeInvis .     - Unarmed
rCold    + . .     Gourm    +   x - +0 shield
rNeg     . . .     Faith    .   a - +0 robe
rPois    .         Spirit   .   (helmet restricted)
rElec    .         Reflect  .   (no cloak)
rCorr    .         Harm     .   (gloves unavailable)
MR       +....                  (boots unavailable)
Stlth    ..........             (no amulet)
HPRegen  0.65/turn              o - ring of protection from magic
MPRegen  0.09/turn              q - ring of protection from cold

@: berserking, very quick
A: large, unfitting armour, claws 3, fast metabolism 3, gourmand, regeneration
1, shaggy fur 1, tough skin 2
a: no special abilities


You were in an ossuary.
You were very full.

You visited 1 branch of the dungeon, and saw 4 of its levels.
You also visited: Ossuary.

You collected 117 gold pieces.

Inventory:

Hand Weapons
 b - a +1 hunting sling
 u - a +0 giant spiked club
Missiles
 g - 157 stones (quivered)
 j - 2 throwing nets
Armour
 a - a +0 robe (worn)
 w - a +0 animal skin
 x - a +0 shield (worn)
Jewellery
 o - a ring of protection from magic (left claw)
 q - a ring of protection from cold (right claw)
Scrolls
 m - 2 scrolls of remove curse
 r - a scroll of enchant weapon
Potions
 c - a potion of might
 e - a potion of agility {unknown}
 f - a potion of cancellation {unknown}
 h - 2 potions of resistance
 l - a potion of flight {unknown}
 n - a potion of brilliance {unknown}
 s - a potion of mutation {unknown}
 t - a potion of ambrosia {unknown}
 z - a potion of curing {unknown}
Comestibles
 d - 9 rations
 v - 4 chunks of flesh


   Skills:
 + Level 3.5 Fighting
 - Level 2.4 Dodging
 + Level 3.4 Shields
 * Level 4.6 Unarmed Combat


You had 5 spell levels left.
You didn't know any spells.

Dungeon Overview and Level Annotations

Branches:
Dungeon (4/15)             Temple (0/1) D:4

Altars:

Annotations:
D:4 GreedyOne's ghost, novice FoFi


Innate Abilities, Weirdness & Mutations

You are too large for most types of armour.
You have claws for hands.
Your metabolism is lightning-fast.
You like to eat raw meat.
Your natural rate of healing is unusually fast.
You are covered in fur. (AC +1)
You have very tough skin. (AC +2)


Message History

You claw the mummy!
You destroy the mummy!
You have reached level 6!
Your experience leads to an increase in your attributes!
Increase (S)trength, (I)ntelligence, or (D)exterity?
You feel agile.
You feel stronger. You block the mummy's attack. The mummy barely misses you.
The mummy hits you!
* * * LOW HITPOINT WARNING * * *
A red film seems to cover your vision as you go berserk!
You feel yourself moving faster!
You feel mighty!
You claw the mummy!
The mummy is heavily damaged.
The mummy hits you.
* * * LOW HITPOINT WARNING * * *
You block the mummy's attack. The mummy barely misses you.
You mangle the mummy!!
You destroy the mummy!
Your shield prevents you from hitting the mummy.
The mummy hits you!
You die...

..............
.............
...........
........#
......# #....#
#....# #..M.#
#.@M.# #....#
#....# #....#
#....# #.∩∩.#
######


You could see 2 mummies.

Vanquished Creatures
  The ghost of Morteh the Covered, a weakling GrFi (D:3)
  A howler monkey (D:4)
  A centaur skeleton (D:4)
  A worker ant (D:2)
  2 mummies (Ossuary)
  Robin (D:3)
  3 adders
  An ooze (D:2)
  2 adder skeletons
  3 leopard geckos
  2 orcs (D:3)
  2 ball pythons (D:1)
  6 bats
  2 giant cockroaches (D:1)
  13 goblins
  10 hobgoblins
  4 jackals
  6 kobolds
  2 quokkas (D:2)
  4 frilled lizards
  3 gnoll zombies (Ossuary)
  3 hobgoblin zombies (Ossuary)
  2 kobold zombies (Ossuary)
  7 rats
82 creatures vanquished.

Notes
Turn   | Place    | Note
-------+----------+-------------------------------------------
     0 | D:1      | Kohma the Troll Fighter began the quest for the Orb.
     0 | D:1      | Reached XP level 1. HP: 22/22 MP: 0/0
   181 | D:1      | Reached XP level 2. HP: 29/29 MP: 1/1
   509 | D:2      | Reached skill level 3 in Unarmed Combat
   509 | D:2      | Reached XP level 3. HP: 23/36 MP: 2/2
   618 | D:2      | Reached XP level 4. HP: 31/44 MP: 3/3
   950 | D:3      | Noticed Morteh's ghost (weakling GrFi)
   962 | D:3      | Killed Morteh's ghost
  1043 | D:3      | Reached XP level 5. HP: 53/53 MP: 4/4
  1128 | D:3      | Reached skill level 4 in Unarmed Combat
  1164 | D:3      | Noticed Robin
  1171 | D:3      | Killed Robin
  1576 | D:4      | Found a staircase to the Ecumenical Temple.
  1580 | D:4      | Noticed GreedyOne's ghost (novice FoFi)
  1594 | D:4      | Found a sand-covered staircase.
  1603 | Ossuary  | Entered an ossuary
  1640 | Ossuary  | Reached XP level 6. HP: 18/61 MP: 5/5
  1644 | Ossuary  | Slain by a mummy

Skill      XL: |  1  2  3  4  5 |
---------------+----------------+-----
Unarmed Combat | 3 4 |  4.6
Fighting       | 3 |  3.5
Shields        | 3 |  3.4
Dodging        | |  2.4

Action                   |  1- 3 |  4- 6 || total
-------------------------+-------+-------++-------
Melee: Unarmed           |    98 |   156 ||   254
  Use: Scroll            |       |     7 ||     7
       Potion            |       |     1 ||     1
 Stab: Sleeping          |     1 |       ||     1
  Eat: Chunk             |    10 |    10 ||    20
Armor: Robe              |    36 |    36 ||    72
Dodge: Dodged            |    36 |    56 ||    92
Block: Shield            |    62 |    88 ||   150
